 Dungeon Crawl Stone Soup version 0.26-a0-980-g0fe3eaa9ac (webtiles) character file.

Game seed: 6357847935758570874

100 xzight the Ruffian (level 4, -5/38 HPs)
             Began as a Ghoul Gladiator on Dec 5, 2020.
             Slain by a gnoll
             ... wielding a +0 spear
              (7 damage)
             ... on level 2 of the Dungeon.
             The game lasted 00:03:44 (1473 turns).

xzight the Ruffian (Ghoul Gladiator)                Turns: 1473, Time: 00:03:44

Health: -5/38      AC:  4    Str: 18    XL:     4   Next: 74%
Magic:  3/3        EV: 12    Int:  3    God:
Gold:   24         SH:  0    Dex: 10    Spells: 3/3 levels left

rFire    . . .     SeeInvis .     - Unarmed
rCold    + . .     Faith    .   (no shield)
rNeg     + + +     Spirit   .   a - +0 leather armour
rPois    ∞         Reflect  .   b - +0 helmet
rElec    .         Harm     .   (no cloak)
rCorr    .         Rampage  .   (no gloves)
MR       .....                  (no boots)
Stlth    +.........             (no amulet)
HPRegen  0.00/turn              (no ring)
MPRegen  0.08/turn              (no ring)

@: no status effects
A: rotting body, claws 1, cold resistance 1, negative energy resistance 3,
inhibited regeneration, torment resistance, unbreathing
a: no special abilities


You were on level 2 of the Dungeon.
You visited 1 branch of the dungeon, and saw 2 of its levels.

You collected 24 gold pieces.


Innate Abilities, Weirdness & Mutations

Your body is rotting away.
You thrive by killing the living.
You are immune to poison.
You have sharp fingernails.
Your flesh is cold resistant. (rC+)
You are immune to negative energy. (rN+++)
You do not regenerate when monsters are visible.
You are immune to unholy pain and torment.
You can survive without breathing.


   Skills:
 + Level 3.0 Fighting
 + Level 2.4 Throwing
 + Level 1.3 Armour
 - Level 2.6 Dodging
 * Level 4.5 Unarmed Combat


You had 3 spell levels left.
You didn't know any spells.
Your spell library was empty.

Inventory:

Missiles
 c - 3 throwing nets (quivered) {=f}
Armour
 a - a +0 leather armour (worn)
 b - a +0 helmet (worn)
Scrolls
 f - 2 scrolls of blinking {unknown}
 g - 2 scrolls of identify {unknown}
 h - 3 scrolls of teleportation {unknown}
 i - 3 scrolls of remove curse {unknown}
 k - a scroll of fear {unknown}
 l - a scroll of immolation {unknown}
Potions
 d - a potion of haste {unknown}
 e - a potion of heal wounds {unknown}
 j - a potion of brilliance {unknown}
 m - a potion of curing {unknown}

Dungeon Overview and Level Annotations

Branches:
Dungeon (2/15)

Altars:

############
...........# ####
##########.## #..#
#(..<..# #..#
#####.###.##+#+#P.##
#.<...# #.##...@...#
##.###.# #.##..g#P..#
....##.# #.##...#...#
##..##.###.######...#
....##..............#
.##.######...####..##
.>#.#####.......#.##
###.......#.....#.#
#######.#.....#.#


You could see a gnoll.


Message History

There is an open door, spattered with blood here.
Unknown command.
You barely miss the gnoll. The gnoll completely misses you.
Unknown command.
You scratch the gnoll but do no damage. The gnoll hits you with a +0 spear!
Unknown command.
You are too injured to fight recklessly!
Unknown command.
You are too injured to fight recklessly!
Unknown command.
You are too injured to fight recklessly!
Unknown command.
You scratch the gnoll but do no damage. The gnoll barely misses you.
You scratch the gnoll but do no damage. The gnoll closely misses you.
You completely miss the gnoll. The gnoll hits you with a +0 spear.
* * * LOW HITPOINT WARNING * * *
You scratch the gnoll.
The gnoll is heavily wounded.
You scratch the gnoll.
The gnoll is almost dead.
The gnoll hits you with a +0 spear!
* * * LOW HITPOINT WARNING * * *
You closely miss the gnoll.
The gnoll is almost dead.
The gnoll hits you with a +0 spear!
* * * LOW HITPOINT WARNING * * *
You closely miss the gnoll.
The gnoll is almost dead.
The gnoll hits you with a +0 spear!
You die...

Skill      XL: |  1  2  3  4 |
---------------+-------------+-----
Throwing       | 2 |  2.4
Unarmed Combat | 4 |  4.5
Armour         | 1 |  1.3
Fighting       | 3 |  3.0
Dodging        | |  2.6

Action                   |  1- 3 |  4- 6 || total
-------------------------+-------+-------++-------
Melee: Unarmed           |   105 |    41 ||   146
       Punch             |     2 |       ||     2
Armor: Leather armour    |    32 |     8 ||    40
Dodge: Dodged            |    61 |    16 ||    77

Levels and vault maps discovered:
D:1:      saegor_arrival_fortress, layout_basic
D:2:      layout_basic, chequers_ecumenical_altar_simple_redux,
          minmay_hedge_maze, minmay_misc_feat_enclosed, cheibrodos_gnoll_hut,
          uniq_natasha

Notes
Turn   | Place    | Note
-------+----------+-------------------------------------------
     0 | D:1      | xzight the Ghoul Gladiator began the quest for the Orb.
     0 | D:1      | Reached XP level 1. HP: 17/17 MP: 0/0
   233 | D:1      | Reached XP level 2. HP: 25/25 MP: 1/1
   250 | D:1      | Reached skill level 2 in Throwing
   438 | D:1      | Reached XP level 3. HP: 30/30 MP: 2/2
   654 | D:1      | Reached skill level 4 in Unarmed Combat
   879 | D:2      | Reached skill level 1 in Armour
  1085 | D:2      | Reached XP level 4. HP: 36/37 MP: 3/3
  1299 | D:2      | Found a faded altar of an unknown god.
  1306 | D:2      | Reached skill level 3 in Fighting
  1472 | D:2      | HP: 2/38 [gnoll/+0 spear (8)]
  1473 | D:2      | Slain by a gnoll

Vanquished Creatures
  3 adders (D:2)
  3 oozes (D:2)
  An adder zombie (D:1)
  2 worms (D:2)
  3 dart slugs
  A leopard gecko (D:1)
  3 giant cockroaches (D:1)
  6 goblins
  3 hobgoblins
  2 jackals (D:2)
  9 kobolds
  5 bats (D:1)
  A frilled lizard (D:2)
  A quokka zombie (D:1)
  3 rats
46 creatures vanquished.

Table legend: (Time is in decaauts)
 A = Elapsed time spent in this place.
 B = Non-inter-level travel time spent in this place.
 C = Inter-level travel time spent in this place.
 D = Time resting spent in this place.
 E = Time spent auto-exploring this place.
 F = Levels seen in this place.
 G = Mean time per level.
                   A        B        C        D        E       F      G
               +--------+--------+--------+--------+--------+-----+--------+
         Total |   1462 |   1453 |      9 |    244 |    943 |   2 |  731.0 |
       Dungeon |   1462 |   1453 |      9 |    244 |    943 |   2 |  731.0 |
               +--------+--------+--------+--------+--------+-----+--------+

Top non-repeatable levels by time:
     D:1: 963 daAuts
     D:2: 498 daAuts

Table legend:
 A = Non-vault XP
 B = Vault XP
 C = Vault XP percentage of total XP
 D = Non-vault monster count
 E = Vault monster count
 F = Vault count percentage of total count
                 A         B        C        D         E       F
            +---------+---------+-------+---------+---------+-------
      Total |     133 |      11 |   7.6 |      42 |       4 |   8.7
            +---------+---------+-------+---------+---------+-------
        D:1 |      47 |       7 |  13.0 |      26 |       2 |   7.1
        D:2 |      86 |       4 |   4.4 |      16 |       2 |  11.1
            +---------+---------+-------+---------+---------+-------
